 Dungeon Sprint DCSS version 0.29.1-2-gbd0b4ee654 (webtiles) character file.

Game seed: 3860920589037252470

84 Groucho the Trooper (level 4, -11/44 HPs)
             Began as a Minotaur Berserker on Nov 25, 2022.
             Was a Priest of Trog.
             Mangled by a vampire (12 damage)
             ... in the Dungeon (Sprint IX: "|||||||||||||||||||||||||||||").
             The game lasted 00:02:21 (167 turns).

Groucho the Trooper (Minotaur Berserker)             Turns: 167, Time: 00:02:22

Health: -11/44     AC:  2    Str: 35    XL:     4   Next: 23%
Magic:  3/3        EV: 13    Int:  2    God:    Trog [***...]
Gold:   0          SH:  0    Dex: 10    Spells: 3/3 levels left

rFire   . . .      SeeInvis .   k - +2 dire flail "Ejuomnab" {flame, Str+6 Int-2}
rCold   . . .      Faith    .   (shield currently unavailable)
rNeg    . . .      Spirit   .   b - +0 animal skin
rPois   .          Reflect  .   (helmet restricted)
rElec   .          Harm     .   (no cloak)
rCorr   .          Rampage  .   (no gloves)
Will    ++...      NoTele   +   (no boots)
Stlth   +.........              (no amulet)
HPRegen 1.14/turn               o - +3 ring of strength
MPRegen 0.08/turn               p - +3 ring of strength

@: strong-willed, regenerating
A: horns 2, retaliatory headbutt
a: Renounce Religion, Berserk, Trog's Hand


You were in the Dungeon.
You worshipped Trog.
Trog was most pleased with you.
You visited 1 branch

Inventory:

Hand Weapons
 a - a +0 mace
 k - the +2 dire flail "Ejuomnab" (weapon) {flame, Str+6 Int-2}
   (You found it in the Dungeon)

   It burns those it strikes, dealing additional fire damage.
   Str:       It affects your strength (+6).
   Int:       It affects your intelligence (-2).
 l - a +2 halberd of venom
Armour
 b - a +0 animal skin (worn)
 m - a +0 pair of boots
 n - a +1 scale mail
Jewellery
 o - a +3 ring of strength (left hand)
 p - a +3 ring of strength (right hand)
Wands
 j - a wand of quicksilver (10)
Scrolls
 h - 2 scrolls of blinking
Potions
 c - 5 potions of curing
 d - a potion of invisibility
 e - a potion of haste
 f - 4 potions of magic
 g - a potion of berserk rage
 i - 2 potions of heal wounds


   Skills:
 + Level 6.1 Fighting
 + Level 6.0 Maces & Flails
 + Level 4.8 Armour
 + Level 4.4 Dodging
 + Level 3.3 Unarmed Combat


You had 3 spell levels left.
You didn't know any spells.
Your spell library was empty.

Dungeon Overview and Level Annotations

Branches:
Dungeon (1/1)

Altars:
Cheibriados
Dithmenos
Elyvilon
Fedhas
Gozag
Hepliaklqana
Kikubaaqudgha
Makhleb
Nemelex Xobeh
Okawaru
Qazlal
Ru
Sif Muna
Trog
Uskayaw
Vehumet
Wu Jian
Xom
Yredelemnul
Zin
The Shining One
Jiyva
Lugonu


Innate Abilities, Weirdness & Mutations

You have a pair of horns on your head.
You reflexively headbutt those who attack you in melee.


Message History

You see here a +0 pair of boots.
m - a +0 pair of boots You see here a +0 helmet.
You see here a +1 scale mail.
n - a +1 scale mail
o - a +3 ring of strength
p - a +3 ring of strength You feel stronger.
o - a +3 ring of strength (left hand)
You open the door.
A vampire, a wraith, an orc warrior and 3 centaurs come into view.
The orc warrior shouts!
The centaur shouts! x2
You feel stronger.
p - a +3 ring of strength (right hand)
You feel stronger.
You feel stupid.
The +2 dire flail "Ejuomnab" {flame, Str+6 Int-2} bursts into flame!
k - the +2 dire flail "Ejuomnab" (weapon)
{flame, Str+6 Int-2} The vampire hits you.
The vampire bites you!
The vampire draws strength from your injuries!
You barely miss the vampire.
The vampire mumbles some strange words.
The vampire flickers and vanishes!
Deactivating autopickup; reactivate with Ctrl-A.
Unknown command.
Unknown command.
You barely miss something. Something hits you! Something bites you!
* * * LOW HITPOINT WARNING * * *
Something draws strength from your injuries!
Unknown command.
Your skin crawls.
You feel strong-willed. Something hits you.
* * * LOW HITPOINT WARNING * * *
Something bites you.
* * * LOW HITPOINT WARNING * * *
Something draws strength from your injuries!
Unknown command.
Something hits you but does no damage. Something bites you!
You die... ▓▓▓▓▓▓▓▓▓▓▓▓▓▓▓▓▓▓▓▓▓▓▓▓ _______'.?)..[..@{Woccc. ▓▓▓▓▓▓▓▓▓▓▓▓▓▓▓▓▓▓▓▓▓▓▓▓

You could see a wraith, an orc warrior and 3 centaurs.

Vanquished Creatures
  An iguana (D)
  An orc wizard (D)
  A gnoll (D)
  2 adders (D)
  A ball python (D)
  An endoplasm (D)
  A kobold (D)
  A quokka (D)
  A frilled lizard (D)
10 creatures vanquished.

Notes
Turn   | Place    | Note
-------+----------+-------------------------------------------
     0 | D        | Groucho the Minotaur Berserker began the quest for the Orb.
     0 | D        | Reached XP level 1. HP: 19/19 MP: 0/0
    12 | D        | Reached ** piety under Trog
    55 | D        | Noticed an iguana
    55 | D        | Noticed an orc wizard
    62 | D        | Reached skill level 1 in Unarmed Combat
    62 | D        | Reached XP level 2. HP: 28/28 MP: 1/1
    66 | D        | Reached skill level 5 in Fighting
    66 | D        | Reached skill level 5 in Maces & Flails
    66 | D        | Reached XP level 3. HP: 36/36 MP: 2/2
    66 | D        | Reached *** piety under Trog
    74 | D        | Reached XP level 4. HP: 44/44 MP: 3/3
   115 | D        | Found a snail-covered altar of Cheibriados.
   115 | D        | Found a shadowy altar of Dithmenos.
   115 | D        | Found a white marble altar of Elyvilon.
   115 | D        | Found a blossoming altar of Fedhas.
   115 | D        | Found an opulent altar of Gozag.
   116 | D        | Found a hazy altar of Hepliaklqana.
   117 | D        | Found a viscous altar of Jiyva.
   118 | D        | Found an ancient bone altar of Kikubaaqudgha.
   119 | D        | Found a corrupted altar of Lugonu.
   120 | D        | Found a burning altar of Makhleb.
   121 | D        | Found a sparkling altar of Nemelex Xobeh.
   122 | D        | Found an iron altar of Okawaru.
   123 | D        | Found a stormy altar of Qazlal.
   124 | D        | Found a sacrificial altar of Ru.
   125 | D        | Found a shimmering blue altar of Sif Muna.
   126 | D        | Found a bloodstained altar of Trog.
   127 | D        | Found a hide-covered altar of Uskayaw.
   128 | D        | Found a radiant altar of Vehumet.
   129 | D        | Found an ornate altar of the Wu Jian Council.
   130 | D        | Found a shimmering altar of Xom.
   131 | D        | Found a basalt altar of Yredelemnul.
   132 | D        | Found a glowing silver altar of Zin.
   133 | D        | Found a glowing golden altar of the Shining One.
   149 | D        | Got the +2 dire flail "Ejuomnab" {flame, Str+6 Int-2}
   161 | D        | Noticed a vampire
   161 | D        | Noticed a wraith
   161 | D        | Noticed an orc warrior
   161 | D        | Noticed a centaur
   161 | D        | Noticed a centaur
   161 | D        | Noticed a centaur
   166 | D        | HP: 1/44 [something (5)]
   167 | D        | Mangled by a vampire

Illustrated notes

Levels and vault maps discovered:
D:        linesprint [early_d, line_temple, items_1, d_10, items_2, lair_1,
          lair_end, items_3, orc_1, orc_end, items_4, d_15, swamp_1, shoals_1,
          snake_1, spider_1, d_20, vaults_1, items_5, swamp_end, shoals_end,
          snake_end, spider_end, vaults_end, d_27, items_6, zot_1, zot_end,
          crypt_end, forest_end, elf_end, slime_end, tomb_end, abyss_end,
          pan_hell_end]

Skill      XL: |  1  2  3 |
---------------+----------+-----
Fighting       | 4 5 6 |  6.1
Maces & Flails | 4 5 6 |  6.0
Armour         | 3 4 |  4.8
Dodging        | 3 4 |  4.4
Unarmed Combat | 1 2 3 |  3.3

Action                   |  1- 3 |  4- 6 || total
-------------------------+-------+-------++-------
Melee: Mace              |    25 |       ||    25
       Headbutt          |     1 |       ||     1
       Dire flail        |       |     2 ||     2
Invok: Trog's Hand       |     2 |     1 ||     3
       Berserk           |     1 |       ||     1
  Use: Potion            |     1 |       ||     1
Armor: Animal skin       |     1 |     1 ||     2
Dodge: Dodged            |    10 |       ||    10
